3285 views
Uploaded 2019-12-04 19:28:43
Game version 1.32.0.3 / 1.32.0.3.1
11:19 long 4on4 ladder game on (8)Mur'gulOasis_LV
Saved by BEARAND
3285 views
Uploaded 2019-12-04 19:28:43
Game version 1.32.0.3 / 1.32.0.3.1
11:19 long 4on4 ladder game on (8)Mur'gulOasis_LV


/ 0.5k
42 buildings @ 5.6k
/ 2k

| Wisp | 16 | 960 | / | 0 |
| Huntress | 12 | 2340 | / | 240 |
| Archer | 1 | 130 | / | 10 |
| Chimaera | 2 | 660 | / | 140 |
| total: | 31 | 4090g | / | 390w |
| Altar of Elders | 1 | 180 | / | 50 |
| Moon Well | 4 | 720 | / | 160 |
| Hunter's Hall | 1 | 210 | / | 100 |
| Ancient of War | 1 | 150 | / | 60 |
| Chimaera Roost | 2 | 280 | / | 380 |
| Tree of Ages | 2 | 640 | / | 360 |
| Tree of Eternity | 1 | 330 | / | 200 |
| total: | 9 | 1540g | / | 750w |
| 0:04 | Altar of Elders |
| 0:05 | Moon Well |
| 0:06 | Wisp |
| 0:06 | Wisp |
| 0:14 | Wisp |
| 0:22 | Wisp |
| 0:32 | Wisp |
| 1:01 | Hunter's Hall |
| 1:05 | Wisp |
| 1:12 | Wisp |
| 1:25 | Moon Well |
| 1:29 | Wisp |
| 1:35 | Wisp |
| 1:56 | Ancient of War |
| 1:58 | Wisp |
| 2:04 | Trueshot Aura |
| 2:18 | Wisp |
| 2:18 | Wisp |
| 2:28 | Moon Well |
| 2:44 | Wisp |
| 3:04 | Tree of Ages |
| 3:29 | Huntress |
| 3:51 | Huntress |
| 4:32 | Huntress |
| 4:33 | Huntress |
| 5:02 | Reinforced Hides |
| 5:03 | Strength of the Wild |
| 5:08 | Scout |
| 5:46 | Huntress |
| 5:46 | Huntress |
| 5:51 | Tree of Eternity |
| 6:15 | Huntress |
| 6:15 | Huntress |
| 6:16 | Archer |
| 6:20 | Huntress |
| 6:49 | Huntress |
| 7:11 | Moon Well |
| 7:49 | Trueshot Aura |
| 7:57 | Improved Reinforced Hides |
| 7:58 | Improved Strength of the Wild |
| 8:00 | Huntress |
| 8:23 | Chimaera Roost |
| 8:26 | Chimaera Roost |
| 8:28 | Wisp |
| 8:34 | Wisp |
| 8:41 | Wisp |
| 9:24 | Advanced Reinforced Hides |
| 9:26 | Huntress |
| 9:58 | Chimaera |
| 10:31 | Chimaera |
| Right click | 334 |
| Select | 161 |
| Select group | 63 |
| Build/train/purchase | 55 |
| Assign group | 15 |
| Minimap ping | 5 |
| Remove unit | 4 |

| Peasant | 9 | 675 | / | 0 |
| Footman | 15 | 2025 | / | 0 |
| Rifleman | 2 | 410 | / | 60 |
| total: | 26 | 3110g | / | 60w |
| Scout Tower | 3 | 90 | / | 60 |
| Arcane Tower | 1 | 70 | / | 50 |
| Guard Tower | 1 | 70 | / | 50 |
| Farm | 4 | 320 | / | 80 |
| Altar of Kings | 1 | 180 | / | 50 |
| Barracks | 1 | 160 | / | 60 |
| Lumber Mill | 1 | 120 | / | 0 |
| Blacksmith | 1 | 140 | / | 60 |
| Workshop | 1 | 140 | / | 140 |
| Keep | 1 | 320 | / | 210 |
| total: | 12 | 1150g | / | 450w |
| 0:09 | Farm |
| 0:10 | Peasant |
| 0:16 | Altar of Kings |
| 0:26 | Peasant |
| 0:32 | Peasant |
| 0:46 | Peasant |
| 0:53 | Farm |
| 0:58 | Peasant |
| 1:06 | Barracks |
| 1:09 | Peasant |
| 1:39 | Farm |
| 1:43 | Peasant |
| 1:48 | Peasant |
| 1:48 | Peasant |
| 2:07 | Footman |
| 2:31 | Scout Tower |
| 2:34 | Footman |
| 2:39 | Summon Water Elemental |
| 2:53 | Lumber Mill |
| 2:57 | Blacksmith |
| 3:17 | Footman |
| 3:24 | Farm |
| 3:28 | Arcane Tower |
| 3:40 | Footman |
| 3:55 | Footman |
| 4:46 | Footman |
| 4:46 | Footman |
| 4:55 | Brilliance Aura |
| 5:01 | Keep |
| 5:03 | Footman |
| 5:50 | Footman |
| 5:50 | Footman |
| 5:51 | Footman |
| 5:51 | Footman |
| 5:51 | Footman |
| 5:51 | Footman |
| 6:42 | Iron Plating |
| 7:14 | Scout Tower |
| 7:18 | Scout Tower |
| 7:24 | Summon Water Elemental |
| 7:42 | Rifleman |
| 7:42 | Rifleman |
| 7:44 | Guard Tower |
| 7:51 | Workshop |
| 8:10 | Footman |
| Right click | 140 |
| Select | 110 |
| Build/train/purchase | 45 |
| Misc. action | 8 |

| Peasant | 16 | 1200 | / | 0 |
| Footman | 9 | 1215 | / | 0 |
| total: | 25 | 2415g | / | 0w |
| Scout Tower | 1 | 30 | / | 20 |
| Altar of Kings | 1 | 180 | / | 50 |
| Farm | 3 | 240 | / | 60 |
| Barracks | 1 | 160 | / | 60 |
| Lumber Mill | 1 | 120 | / | 0 |
| Arcane Vault | 1 | 130 | / | 30 |
| Blacksmith | 1 | 140 | / | 60 |
| total: | 9 | 1000g | / | 280w |
| 0:08 | Altar of Kings |
| 0:11 | Peasant |
| 0:11 | Peasant |
| 0:15 | Peasant |
| 0:15 | Peasant |
| 0:15 | Peasant |
| 0:27 | Farm |
| 0:32 | Peasant |
| 0:43 | Barracks |
| 0:46 | Peasant |
| 0:46 | Peasant |
| 1:12 | Peasant |
| 1:12 | Peasant |
| 1:35 | Peasant |
| 1:50 | Footman |
| 1:58 | Farm |
| 2:04 | Farm |
| 2:15 | Devotion Aura |
| 2:30 | Lumber Mill |
| 2:42 | Arcane Vault |
| 2:48 | Blacksmith |
| 3:05 | Footman |
| 3:05 | Footman |
| 4:16 | Footman |
| 4:16 | Footman |
| 4:17 | Footman |
| 4:17 | Footman |
| 4:17 | Footman |
| 4:17 | Footman |
| 4:19 | Peasant |
| 4:19 | Peasant |
| 6:11 | Peasant |
| 6:11 | Peasant |
| 6:11 | Peasant |
| 8:13 | Scout Tower |
| Right click | 282 |
| Select | 88 |
| Build/train/purchase | 29 |
| Remove unit | 8 |
| Misc. action | 1 |
| Use ability | 1 |
| Minimap ping | 1 |

| Acolyte | 6 | 450 | / | 0 |
| Ghoul | 8 | 960 | / | 0 |
| Crypt Fiend | 1 | 215 | / | 40 |
| total: | 15 | 1625g | / | 40w |
| Nerubian Tower | 4 | 400 | / | 80 |
| Altar of Darkness | 1 | 180 | / | 50 |
| Ziggurat | 8 | 1200 | / | 400 |
| Crypt | 1 | 200 | / | 50 |
| Graveyard | 1 | 215 | / | 0 |
| Tomb of Relics | 1 | 130 | / | 30 |
| total: | 12 | 1925g | / | 530w |
| 0:11 | Acolyte |
| 0:11 | Acolyte |
| 0:11 | Acolyte |
| 0:19 | Altar of Darkness |
| 0:25 | Ziggurat |
| 0:49 | Crypt |
| 1:17 | Graveyard |
| 1:34 | Ziggurat |
| 2:04 | Ghoul |
| 2:04 | Ghoul |
| 2:23 | Death Coil |
| 2:32 | Ziggurat |
| 2:41 | Crypt Fiend |
| 2:54 | Tomb of Relics |
| 3:40 | Nerubian Tower |
| 3:47 | Nerubian Tower |
| 4:01 | Nerubian Tower |
| 4:10 | Ghoul |
| 4:10 | Ghoul |
| 4:25 | Acolyte |
| 4:35 | Ziggurat |
| 4:48 | Ghoul |
| 4:48 | Ghoul |
| 5:42 | Nerubian Tower |
| 5:53 | Ghoul |
| 5:53 | Ghoul |
| 6:51 | Ziggurat |
| 6:53 | Ziggurat |
| 6:54 | Ziggurat |
| 6:55 | Ziggurat |
| 7:56 | Acolyte |
| 7:56 | Acolyte |
| Right click | 330 |
| Select | 141 |
| Chat | 41 |
| Build/train/purchase | 21 |
| Use ability | 17 |
| Misc. action | 2 |
| Remove unit | 1 |
90 units @ 6.1k
/ 0k
105 buildings @ 9.8k
/ 4k


| Wisp | 22 | 1320 | / | 0 |
| total: | 22 | 1320g | / | 0w |
| Altar of Elders | 1 | 180 | / | 50 |
| Tree of Life | 7 | 2380 | / | 1295 |
| Moon Well | 5 | 900 | / | 200 |
| Tree of Ages | 1 | 320 | / | 180 |
| Tree of Eternity | 1 | 330 | / | 200 |
| total: | 13 | 3460g | / | 1545w |
| 0:02 | Wisp |
| 0:04 | Altar of Elders |
| 0:14 | Wisp |
| 0:24 | Wisp |
| 0:36 | Wisp |
| 1:04 | Tree of Life |
| 1:05 | Wisp |
| 1:16 | Moon Well |
| 1:21 | Wisp |
| 2:06 | Wisp |
| 2:06 | Wisp |
| 2:10 | Wisp |
| 2:18 | Pocket Factory |
| 2:23 | Wisp |
| 2:43 | Wisp |
| 3:28 | Wisp |
| 3:28 | Wisp |
| 3:39 | Moon Well |
| 4:31 | Tree of Ages |
| 4:34 | Moon Well |
| 6:12 | Moon Well |
| 6:35 | Moon Well |
| 7:03 | Breath of Fire |
| 7:45 | Engineering Upgrade |
| 7:54 | Wisp |
| 7:54 | Wisp |
| 7:54 | Wisp |
| 7:55 | Wisp |
| 7:56 | Wisp |
| 7:58 | Nature's Blessing |
| 8:57 | Tree of Life |
| 9:27 | Tree of Eternity |
| 9:29 | Wisp |
| 9:44 | Tree of Life |
| 9:57 | Tree of Life |
| 10:02 | Tree of Life |
| 10:14 | Wisp |
| 10:16 | Wisp |
| 10:30 | Wisp |
| 10:54 | Tree of Life |
| 11:10 | Tree of Life |
| Right click | 695 |
| Assign group | 385 |
| Select group | 224 |
| Select | 127 |
| Chat | 113 |
| Resource trade | 35 |
| Build/train/purchase | 33 |
| Use ability | 19 |
| Misc. action | 9 |
| Item give/drop | 1 |


| Circlet of Nobility | 1 | 175 |
| Periapt of Vitality | 1 | 325 |
| Staff of Teleportation | 1 | 150 |
| Boots of Speed | 1 | 250 |
| total: | 4 | 900g |
| Peasant | 25 | 1875 | / | 0 |
| total: | 25 | 1875g | / | 0w |
| Scout Tower | 27 | 810 | / | 540 |
| Guard Tower | 15 | 1050 | / | 750 |
| Altar of Kings | 1 | 180 | / | 50 |
| Farm | 5 | 400 | / | 100 |
| Lumber Mill | 1 | 120 | / | 0 |
| Arcane Vault | 1 | 130 | / | 30 |
| Keep | 1 | 320 | / | 210 |
| total: | 35 | 1640g | / | 720w |
| 0:01 | Peasant |
| 0:05 | Altar of Kings |
| 0:07 | Peasant |
| 0:23 | Farm |
| 0:24 | Peasant |
| 0:29 | Lumber Mill |
| 0:33 | Peasant |
| 1:01 | Peasant |
| 1:17 | Peasant |
| 1:27 | Farm |
| 1:29 | Peasant |
| 1:38 | Peasant |
| 1:48 | Peasant |
| 2:08 | Summon Water Elemental |
| 2:13 | Peasant |
| 2:27 | Peasant |
| 2:42 | Peasant |
| 2:44 | Improved Masonry |
| 2:49 | Farm |
| 3:01 | Circlet of Nobility |
| 3:01 | Periapt of Vitality |
| 3:09 | Peasant |
| 3:10 | Peasant |
| 3:40 | Peasant |
| 4:16 | Scout Tower |
| 4:21 | Scout Tower |
| 4:23 | Scout Tower |
| 4:38 | Guard Tower |
| 4:39 | Scout Tower |
| 4:40 | Scout Tower |
| 4:41 | Scout Tower |
| 4:43 | Scout Tower |
| 4:45 | Scout Tower |
| 4:45 | Scout Tower |
| 4:48 | Brilliance Aura |
| 4:52 | Guard Tower |
| 4:59 | Scout Tower |
| 5:00 | Scout Tower |
| 5:02 | Scout Tower |
| 5:11 | Scout Tower |
| 5:12 | Scout Tower |
| 5:20 | Guard Tower |
| 5:28 | Guard Tower |
| 5:34 | Scout Tower |
| 5:35 | Scout Tower |
| 5:38 | Guard Tower |
| 5:53 | Guard Tower |
| 6:01 | Scout Tower |
| 6:04 | Peasant |
| 6:06 | Peasant |
| 6:17 | Scout Tower |
| 6:19 | Scout Tower |
| 6:25 | Scout Tower |
| 6:26 | Scout Tower |
| 6:27 | Scout Tower |
| 6:28 | Peasant |
| 6:45 | Guard Tower |
| 7:00 | Guard Tower |
| 7:01 | Peasant |
| 7:01 | Peasant |
| 7:28 | Scout Tower |
| 7:39 | Staff of Teleportation |
| 7:41 | Boots of Speed |
| 7:43 | Keep |
| 7:44 | Guard Tower |
| 7:48 | Scout Tower |
| 7:48 | Scout Tower |
| 7:49 | Scout Tower |
| 7:49 | Scout Tower |
| 8:05 | Summon Water Elemental |
| 8:35 | Farm |
| 8:41 | Guard Tower |
| 8:43 | Guard Tower |
| 9:00 | Farm |
| 9:33 | Guard Tower |
| 10:04 | Peasant |
| 10:04 | Peasant |
| 10:23 | Peasant |
| 11:06 | Arcane Vault |
| 11:15 | Storm Bolt |
| 11:16 | Peasant |
| 11:17 | Peasant |
| Right click | 709 |
| Select | 313 |
| Build/train/purchase | 71 |
| Select group | 41 |
| Assign group | 25 |
| Resource trade | 10 |
| Chat | 7 |
| Use ability | 4 |
| Misc. action | 1 |
| Esc | 1 |
| Minimap ping | 1 |


| Scroll of Regeneration | 1 | 100 |
| Lesser Clarity Potion | 1 | 70 |
| Boots of Speed | 1 | 250 |
| Staff of Teleportation | 1 | 150 |
| total: | 4 | 570g |
| Peasant | 24 | 1800 | / | 0 |
| total: | 24 | 1800g | / | 0w |
| Scout Tower | 34 | 1020 | / | 680 |
| Guard Tower | 14 | 980 | / | 700 |
| Altar of Kings | 1 | 180 | / | 50 |
| Farm | 6 | 480 | / | 120 |
| Lumber Mill | 1 | 120 | / | 0 |
| Arcane Vault | 3 | 390 | / | 90 |
| Keep | 2 | 640 | / | 420 |
| total: | 45 | 2190g | / | 940w |
| 0:02 | Peasant |
| 0:02 | Peasant |
| 0:12 | Altar of Kings |
| 0:18 | Farm |
| 0:20 | Farm |
| 0:35 | Peasant |
| 0:36 | Peasant |
| 0:41 | Farm |
| 0:43 | Peasant |
| 0:57 | Farm |
| 0:58 | Peasant |
| 1:22 | Peasant |
| 1:31 | Peasant |
| 1:45 | Lumber Mill |
| 1:55 | Farm |
| 1:59 | Summon Water Elemental |
| 2:05 | Peasant |
| 2:12 | Peasant |
| 2:28 | Improved Masonry |
| 2:29 | Peasant |
| 2:45 | Peasant |
| 2:47 | Farm |
| 2:51 | Peasant |
| 2:53 | Peasant |
| 3:53 | Scout Tower |
| 3:53 | Scout Tower |
| 3:58 | Brilliance Aura |
| 4:02 | Peasant |
| 4:03 | Peasant |
| 4:03 | Peasant |
| 4:03 | Peasant |
| 4:03 | Peasant |
| 4:06 | Scout Tower |
| 4:07 | Scout Tower |
| 4:07 | Scout Tower |
| 4:07 | Scout Tower |
| 4:20 | Arcane Vault |
| 4:43 | Guard Tower |
| 4:44 | Scout Tower |
| 4:44 | Scout Tower |
| 4:44 | Scout Tower |
| 4:45 | Scout Tower |
| 4:45 | Scout Tower |
| 4:51 | Scout Tower |
| 4:52 | Scout Tower |
| 4:54 | Scout Tower |
| 5:02 | Scout Tower |
| 5:02 | Scout Tower |
| 5:03 | Scout Tower |
| 5:05 | Scout Tower |
| 5:06 | Scout Tower |
| 5:15 | Guard Tower |
| 5:22 | Peasant |
| 5:22 | Peasant |
| 5:28 | Guard Tower |
| 5:37 | Scout Tower |
| 5:39 | Scout Tower |
| 5:50 | Guard Tower |
| 5:57 | Scout Tower |
| 5:58 | Scout Tower |
| 6:15 | Scout Tower |
| 6:15 | Scout Tower |
| 6:16 | Peasant |
| 6:16 | Peasant |
| 6:17 | Peasant |
| 6:25 | Guard Tower |
| 6:35 | Boots of Speed |
| 6:35 | Staff of Teleportation |
| 7:02 | Guard Tower |
| 7:04 | Scout Tower |
| 7:05 | Scout Tower |
| 7:05 | Scout Tower |
| 7:31 | Keep |
| 7:32 | Guard Tower |
| 7:34 | Guard Tower |
| 8:08 | Arcane Vault |
| 8:09 | Arcane Vault |
| 9:19 | Scout Tower |
| 9:20 | Scout Tower |
| 9:20 | Scout Tower |
| 9:21 | Scout Tower |
| 9:21 | Scout Tower |
| 9:22 | Scout Tower |
| 9:34 | Scroll of Regeneration |
| 9:34 | Lesser Clarity Potion |
| 9:49 | Guard Tower |
| 10:05 | Summon Lava Spawn |
| 10:52 | Summon Water Elemental |
| Right click | 1098 |
| Select | 277 |
| Select group | 99 |
| Build/train/purchase | 86 |
| Chat | 28 |
| Assign group | 25 |
| Resource trade | 17 |
| Misc. action | 15 |
| Use ability | 5 |
| Esc | 4 |

| Lesser Clarity Potion | 2 | 140 |
| Staff of Teleportation | 1 | 150 |
| Boots of Speed | 1 | 250 |
| Circlet of Nobility | 1 | 175 |
| Periapt of Vitality | 1 | 325 |
| Scroll of Regeneration | 2 | 200 |
| total: | 8 | 1240g |
| Wisp | 19 | 1140 | / | 0 |
| total: | 19 | 1140g | / | 0w |
| Tree of Life | 2 | 680 | / | 370 |
| Moon Well | 9 | 1620 | / | 360 |
| Altar of Elders | 1 | 180 | / | 50 |
| Tree of Ages | 1 | 320 | / | 180 |
| total: | 12 | 2480g | / | 780w |
| 0:05 | Wisp |
| 0:05 | Wisp |
| 0:17 | Wisp |
| 0:17 | Wisp |
| 0:26 | Wisp |
| 0:53 | Tree of Life |
| 0:57 | Wisp |
| 0:57 | Wisp |
| 1:18 | Moon Well |
| 1:25 | Wisp |
| 1:25 | Wisp |
| 1:36 | Altar of Elders |
| 1:44 | Wisp |
| 1:44 | Wisp |
| 1:54 | Wisp |
| 2:10 | Wisp |
| 2:27 | Wisp |
| 2:42 | Summon Quilbeast |
| 3:25 | Wisp |
| 3:25 | Wisp |
| 5:02 | Summon Bear |
| 5:04 | Scroll of Regeneration |
| 5:04 | Lesser Clarity Potion |
| 5:20 | Wisp |
| 5:20 | Wisp |
| 5:20 | Wisp |
| 7:07 | Moon Well |
| 7:07 | Moon Well |
| 7:07 | Moon Well |
| 7:48 | Scroll of Regeneration |
| 7:49 | Lesser Clarity Potion |
| 8:11 | Staff of Teleportation |
| 8:11 | Boots of Speed |
| 8:13 | Circlet of Nobility |
| 8:13 | Periapt of Vitality |
| 9:06 | Summon Quilbeast |
| 9:51 | Tree of Ages |
| 10:04 | Tree of Life |
| 10:12 | Moon Well |
| 10:12 | Moon Well |
| 10:14 | Moon Well |
| 10:14 | Moon Well |
| 10:14 | Moon Well |
| Right click | 709 |
| Select group | 164 |
| Select | 131 |
| Build/train/purchase | 75 |
| Resource trade | 61 |
| Chat | 35 |
| Use ability | 30 |
| Misc. action | 28 |
| Assign group | 4 |
| Minimap ping | 2 |
| Esc | 1 |
⇛